 Dungeon Crawl Stone Soup version 0.29.0-4-gdea44cf6ec (webtiles) character file.

Game seed: 4338620917658494206

698 qw the Chopper (level 7, -13/44 HPs)
             Began as a Gargoyle Berserker on Sept 5, 2022.
             Was a Priest of Trog.
             Mangled by Duvessa
             ... wielding a +0 short sword
              (17 damage)
             ... on level 5 of the Dungeon.
             The game lasted 00:01:54 (5026 turns).

qw the Chopper (Gargoyle Berserker)                 Turns: 5026, Time: 00:01:54

Health: -13/44     AC: 13    Str: 23    XL:     7   Next: 65%
Magic:  7/7        EV: 14    Int:  7    God:    Trog [***...]
Gold:   302        SH:  0    Dex:  9    Spells: 6/6 levels left

rFire   . . .      SeeInvis .   g - +0 hand axe
rCold   . . .      Faith    .   (no shield)
rNeg    + . .      Spirit   .   c - +0 scale mail
rPois   inf        Reflect  .   l - +0 helmet
rElec   +          Harm     .   i - +0 cloak
rCorr   .          Rampage  .   (no gloves)
Will    .....                   (no boots)
Stlth   ..........              (no amulet)
HPRegen 0.14/turn               d - +4 ring of evasion
MPRegen 0.10/turn               n - +4 ring of slaying {mikee}

@: on berserk cooldown, slowed, very slow
A: sickness immunity, AC +4, negative energy resistance 1, electricity
resistance, torment resistance 1, petrification resistance
a: Renounce Religion, Berserk, Trog's Hand


You were on level 5 of the Dungeon.
You worshipped Trog.
Trog was most pleased with you.
You visited 1 branch of the dungeon, and saw 5 of its levels.

You collected 302 gold pieces.


Innate Abilities, Weirdness & Mutations

You are immune to sickness and miasma.
Your stone body is resilient. (AC +4)
You are immune to poison.
You resist negative energy. (rN+)
You are resistant to electric shocks. (rElec)
You are resistant to unholy torment.
You are immune to petrification.


   Skills:
 - Level 5.0 Fighting
 - Level 7.1 Axes
 - Level 1.2 Throwing
 + Level 2.1 Armour
 - Level 1.5 Dodging


You had 6 spell levels left.
You didn't know any spells.
Your spell library was empty.

Inventory:

Hand Weapons
 g - a +0 hand axe (weapon)
 p - a +0 flail
Missiles
 h - 3 boomerangs (quivered)
Armour
 c - a +0 scale mail (worn)
 i - a +0 cloak (worn)
 l - a +0 helmet (worn)
Jewellery
 d - a +4 ring of evasion (left hand)
 n - a +4 ring of slaying (right hand) {mikee}
Scrolls
 a - a scroll of identify
Potions
 b - 3 potions of haste
 f - a potion of flight {unknown}
 j - 5 potions of curing
 k - a potion of degeneration {unknown}
 m - a potion of might {unknown}

Dungeon Overview and Level Annotations

Branches:
Dungeon (5/15)
 Temple: D:4-7

Altars:
Wu Jian
Xom
The Shining One

Annotations:
D:5 Duvessa


Message History

Dowan points at you and mumbles some strange words.
The puff of flame hits you.
You closely miss Dowan.
Dowan is severely wounded.
Dowan hits you but does no damage. Dowan misses you.
Duvessa shouts!
You hit Dowan.
Dowan is almost dead.
Dowan barely misses you.
You barely miss Dowan.
Dowan is almost dead.
Dowan hits you with a +0 dagger.
You hit Dowan.
You kill Dowan!
Trog accepts your kill.
Trog appreciates your killing of a magic user.
Duvessa screams in rage.
Duvessa goes berserk!
Your Throwing skill increases to level 1!
Throw: 3 boomerangs
Press: ? - help, Q - select action Shift-Dir - straight line, f - Duvessa You throw a boomerang.
The boomerang hits Duvessa but does no damage.
Duvessa hits you with a +0 short sword.
You slash Duvessa!
Duvessa is lightly wounded.
Duvessa hits you but does no damage. x2
You hit Duvessa.
Duvessa is moderately wounded.
Duvessa hits you with a +0 short sword! Duvessa closely misses you.
You hit Duvessa.
Duvessa is moderately wounded.
Duvessa hits you with a +0 short sword! x2; Duvessa barely misses you.
You barely miss Duvessa.
Duvessa is moderately wounded.
Duvessa hits you with a +0 short sword. Duvessa hits you but does no damage.
You barely miss Duvessa.
Duvessa is moderately wounded.
Duvessa hits you with a +0 short sword!
You die...

.. #.. ##
... .. .. #.
#.
#e########
#.@..)...#
########.#
## #.# #.
#.# #######.
#.# #.....#.
#.# #.###.#.
#.###># #...
#.....###<##
#####.....#


You could see Duvessa (berserk).

Vanquished Creatures
  2 ogres (D:4)
  A phantom (D:3)
  Blork the orc (D:5)
  A scorpion (D:4)
  Dowan (D:5)
  An iguana (D:4)
  An orc wizard (D:4)
  9 adders
  A shadow imp (D:5)
  2 worms (D:2)
  6 dart slugs
  7 orcs
  9 endoplasms
  10 giant cockroaches
  14 goblins
  9 hobgoblins
  2 jackals (D:1)
  4 quokkas
  11 ball pythons
  4 bats
  3 frilled lizards
  8 kobolds
  12 rats
119 creatures vanquished.

Vanquished Creatures (others)
  Ijyb (D:3)
  A ball python (D:3)
2 creatures vanquished.

Grand Total: 121 creatures vanquished

Notes
Turn   | Place    | Note
-------+----------+-------------------------------------------
     0 | D:1      | qw the Gargoyle Berserker began the quest for the Orb.
     0 | D:1      | Reached XP level 1. HP: 14/14 MP: 1/1
     0 | D:1      | 0 ||| qw: Version: 0.1-a-104-g96f76f8
     0 | D:1      | 0 ||| qw: Game counter: 5801
     0 | D:1      | 0 ||| qw: Always use a shield: true
     0 | D:1      | 0 ||| qw: Do Orc after D:15 true
     0 | D:1      | 0 ||| qw: Do second Lair branch before Depths: true
     0 | D:1      | 0 ||| qw: Lair rune preference: random
     0 | D:1      | 0 ||| qw: Plans: Normal
     0 | D:1      | 0 ||| PLANNING D:1-11
   236 | D:1      | Reached skill level 3 in Axes
   354 | D:1      | 354 ||| Stepping ~*~*~tactically~*~*~ (stealth).
   373 | D:1      | Reached XP level 2. HP: 15/19 MP: 2/2
   390 | D:1      | 390 ||| Stepping ~*~*~tactically~*~*~ (stealth).
   482 | D:1      | Found a faded altar of an unknown god.
   535 | D:1      | 535 ||| Stepping ~*~*~tactically~*~*~ (stealth).
   536 | D:1      | 536 ||| INVOKING Berserk.
   682 | D:1      | 682 ||| DROPPING +0 club.
   728 | D:1      | 728 ||| Stepping ~*~*~tactically~*~*~ (stealth).
   832 | D:1      | 832 ||| Stepping ~*~*~tactically~*~*~ (stealth).
   966 | D:1      | Reached XP level 3. HP: 23/23 MP: 3/3
  1253 | D:1      | 1253 ||| UPGRADING to +0 ring mail.
  1263 | D:1      | 1263 ||| DROPPING +0 animal skin.
  1264 | D:1      | 1264 ||| UPGRADING to +4 ring of evasion.
  1265 | D:1      | 1265 ||| READING scroll labelled ABAPTADEDU.
  1309 | D:2      | Reached ** piety under Trog
  1310 | D:2      | Reached skill level 4 in Axes
  1434 | D:2      | 1434 ||| Stepping ~*~*~tactically~*~*~ (stealth).
  1438 | D:2      | 1438 ||| Stepping ~*~*~tactically~*~*~ (stealth).
  1439 | D:2      | 1439 ||| Stepping ~*~*~tactically~*~*~ (stealth).
  1446 | D:2      | 1446 ||| Stepping ~*~*~tactically~*~*~ (stealth).
  1448 | D:2      | 1448 ||| Stepping ~*~*~tactically~*~*~ (stealth).
  1453 | D:2      | 1453 ||| INVOKING Berserk.
  1454 | D:2      | 1454 ||| INVOKING Berserk.
  1457 | D:2      | Reached XP level 4. HP: 28/28 MP: 4/4
  1477 | D:2      | 1477 ||| Stepping ~*~*~tactically~*~*~ (stealth).
  1500 | D:2      | 1500 ||| Stepping ~*~*~tactically~*~*~ (stealth).
  1550 | D:2      | 1550 ||| Stepping ~*~*~tactically~*~*~ (stealth).
  1553 | D:2      | 1553 ||| Stepping ~*~*~tactically~*~*~ (stealth).
  1554 | D:2      | 1554 ||| Stepping ~*~*~tactically~*~*~ (stealth).
  1710 | D:2      | 1710 ||| Stepping ~*~*~tactically~*~*~ (stealth).
  2132 | D:2      | 2132 ||| UPGRADING to +0 scale mail.
  2142 | D:2      | 2142 ||| DROPPING +0 ring mail.
  2143 | D:2      | 2143 ||| READING 3 scrolls labelled ISOAPT TUVUI.
  2144 | D:2      | 2144 ||| READING scroll labelled GIUCVA BELUY.
  2145 | D:2      | 2145 ||| READING scroll labelled FUX NIZXEUTEF.
  2146 | D:2      | 2146 ||| READING scroll labelled TEAM SOEQEI.
  2193 | D:2      | 2193 ||| READING scroll labelled VOIWIE DIES.
  2196 | D:2      | 2196 ||| READING scroll labelled TEUMUH FOFF.
  2197 | D:2      | 2197 ||| READING scroll labelled FUBYFY FOKAM.
  2198 | D:2      | 2198 ||| READING 2 scrolls of identify.
  2198 | D:2      | 2198 ||| IDENTIFYING lumpy ruby potion
  2259 | D:3      | 2259 ||| Stepping ~*~*~tactically~*~*~ (stealth).
  2297 | D:3      | 2297 ||| Stepping ~*~*~tactically~*~*~ (stealth).
  2300 | D:3      | Reached skill level 5 in Axes
  2301 | D:3      | 2301 ||| Stepping ~*~*~tactically~*~*~ (stealth).
  2317 | D:3      | 2317 ||| Stepping ~*~*~tactically~*~*~ (stealth).
  2346 | D:3      | 2346 ||| Stepping ~*~*~tactically~*~*~ (stealth).
  2360 | D:3      | 2360 ||| Stepping ~*~*~tactically~*~*~ (stealth).
  2364 | D:3      | Reached XP level 5. HP: 32/32 MP: 5/5
  2375 | D:3      | Reached *** piety under Trog
  2438 | D:3      | 2438 ||| Stepping ~*~*~tactically~*~*~ (stealth).
  2453 | D:3      | Killed Ijyb
  2627 | D:3      | Found a shimmering altar of Xom.
  2628 | D:3      | 2628 ||| Stepping ~*~*~tactically~*~*~ (stealth).
  2747 | D:3      | Noticed a phantom
  2777 | D:3      | Killed a phantom
  2778 | D:3      | Reached XP level 6. HP: 28/38 MP: 6/6
  3027 | D:3      | 3027 ||| Stepping ~*~*~tactically~*~*~ (stealth).
  3174 | D:3      | Found an ornate altar of the Wu Jian Council.
  3262 | D:3      | 3262 ||| UPGRADING to +6 ring of dexterity.
  3263 | D:3      | 3263 ||| READING scroll labelled VUMMETOCKYD.
  3264 | D:3      | 3264 ||| READING 2 scrolls of identify.
  3264 | D:3      | 3264 ||| IDENTIFYING white potion
  3334 | D:4      | Found a glowing golden altar of the Shining One.
  3384 | D:4      | 3384 ||| Stepping ~*~*~tactically~*~*~ (stealth).
  3389 | D:4      | 3389 ||| Stepping ~*~*~tactically~*~*~ (stealth).
  3391 | D:4      | 3391 ||| Stepping ~*~*~tactically~*~*~ (stealth).
  3408 | D:4      | 3408 ||| Stepping ~*~*~tactically~*~*~ (hiding).
  3603 | D:4      | 3603 ||| INVOKING Berserk.
  3613 | D:4      | Reached skill level 6 in Axes
  3885 | D:4      | 3885 ||| INVOKING Berserk.
  3889 | D:4      | Reached XP level 7. HP: 43/43 MP: 7/7
  4177 | D:4      | 4177 ||| Stepping ~*~*~tactically~*~*~ (stealth).
  4185 | D:4      | 4185 ||| Stepping ~*~*~tactically~*~*~ (hiding).
  4197 | D:4      | 4197 ||| DRINKING 6 potions of curing.
  4197 | D:4      | 4197 ||| (to cure confusion)
  4226 | D:4      | 4226 ||| DROPPING +0 whip.
  4447 | D:4      | Reached skill level 7 in Axes
  4569 | D:4      | 4569 ||| UPGRADING to +0 cloak.
  4574 | D:4      | 4574 ||| UPGRADING to +0 helmet.
  4579 | D:4      | 4579 ||| DROPPING orb of mayhem.
  4580 | D:4      | 4580 ||| UPGRADING to +4 ring of slaying {mikee}.
  4582 | D:4      | 4582 ||| DROPPING +6 ring of dexterity.
  4614 | D:5      | Entered Level 5 of the Dungeon
  4709 | D:5      | 4709 ||| Stepping ~*~*~tactically~*~*~ (hiding).
  4856 | D:5      | Noticed Blork the orc
  4861 | D:5      | 4861 ||| INVOKING Berserk.
  4865 | D:5      | Killed Blork the orc
  4999 | D:5      | Noticed Dowan
  4999 | D:5      | Noticed Duvessa
  5000 | D:5      | 5000 ||| Stepping ~*~*~tactically~*~*~ (hiding).
  5003 | D:5      | 5003 ||| INVOKING Berserk.
  5020 | D:5      | Killed Dowan
  5021 | D:5      | Reached skill level 1 in Throwing
  5024 | D:5      | HP: 9/44 [Duvessa/+0 short sword (8)]
  5025 | D:5      | HP: 4/44 [Duvessa/+0 short sword (5)]
  5026 | D:5      | Mangled by Duvessa

Levels and vault maps discovered:
D:1:      dpeg_arrival_simpleton_c, layout_rooms,
          shapermc_ecumenical_altar_totnotflames
D:2:      layout_loops_ring, minmay_small_reverse_x
D:3:      minmay_inner_zag, layout_rooms, xom_confusion_cloud,
          pdpol_wu_jian_five_deadly_venoms, minmay_misc_feat_chi,
          kennysheep_cross_room, uniq_ijyb
D:4:      layout_basic, general_overflow_altar
D:5:      layout_loops_ring, nicolae_dithmenos_the_darkroom, uniq_blork_the_orc,
          uniq_duvessa, uniq_pikel

Skill      XL: |  1  2  3  4  5  6  7 |
---------------+----------------------+-----
Axes           | 3 4 5 6 7 |  7.1
Fighting       | 4 5 |  5.0
Throwing       | 1 |  1.2
Armour         | |  2.1
Dodging        | |  1.5

Action                   |  1- 3 |  4- 6 |  7- 9 || total
-------------------------+-------+-------+-------++-------
Melee: Hand axe          |   145 |   199 |    76 ||   420
       Punch             |     1 |     2 |     2 ||     5
Throw: Boomerang         |       |    16 |    18 ||    34
Invok: Berserk           |     2 |     2 |     2 ||     6
  Use: Scroll            |     1 |    10 |       ||    11
       Potion            |       |       |     1 ||     1
Armor: Animal skin       |    33 |       |       ||    33
       Ring mail         |    11 |     9 |       ||    20
       Scale mail        |       |    51 |    25 ||    76
Dodge: Dodged            |    95 |   119 |    40 ||   254

Table legend:
 A = Non-vault XP
 B = Vault XP
 C = Vault XP percentage of total XP
 D = Non-vault monster count
 E = Vault monster count
 F = Vault count percentage of total count
                 A         B        C        D         E       F
            +---------+---------+-------+---------+---------+-------
      Total |     790 |     208 |  20.8 |      99 |      20 |  16.8
            +---------+---------+-------+---------+---------+-------
        D:1 |      46 |       0 |   0.0 |      27 |       0 |   0.0
        D:2 |      75 |       7 |   8.5 |      24 |       4 |  14.3
        D:3 |     182 |      38 |  17.3 |      22 |      14 |  38.9
        D:4 |     447 |       0 |   0.0 |      22 |       0 |   0.0
        D:5 |      40 |     163 |  80.3 |       4 |       2 |  33.3
            +---------+---------+-------+---------+---------+-------
